[Event "GER-ch Youth U18 2019"]
[Site "Willingen"]
[Date "2019.06.12"]
[Round "5.12"]
[White "Rockmann, Jan-Okke"]
[Black "Runte, Moritz"]
[Result "1/2-1/2"]
[ECO "B35"]
[WhiteElo "1816"]
[BlackElo "2096"]
[Annotator "NA"]
[PlyCount "98"]
[EventDate "2019.06.07"]
[EventType "swiss"]
[EventRounds "9"]
[EventCountry "GER"]
[SourceTitle "playchess.com"]
[Source "ChessBase"]
[SourceQuality "1"]
[TimeControl "40/5400+30:1800+30"]

1. e4 c5 2. Nf3 Nc6 3. d4 cxd4 4. Nxd4 g6 5. Be3 Bg7 6. Nc3 Nf6 7. Bc4 O-O 8. Bb3 d5 9. exd5 Na5 10. Nde2 Nxb3 11. axb3 b6 12. Bd4 Bb7 13. Bxf6 Bxf6 14. O-O Qd7 15. Qd3 Rfd8 16. Rfd1 h5 17. Ra4 e6 18. Ne4 Be7 19. d6 Bxe4 20. Qxe4 Rac8 21. Rad4 Bf6 22. R4d3 Bg7 23. Nd4 Bf8 24. c4 Rc5 25. Nf3 Qc6 26. Qxc6 Rxc6 27. d7 Rc7 28. Ne5 Bg7 29. f4 Kf8 30. Rd6 Bxe5 31. fxe5 Ke7 32. Kf2 Rc5 33. Re1 f6 34. Rd4 fxe5 35. Rde4 Rxd7 36. Rxe5 Rxe5 37. Rxe5 Kf6 38. Re2 Rd3 39. b4 Rb3 40. b5 Rb4 41. Rc2 Ke5 42. c5 bxc5 43. Rxc5+ Kd4 44. Rg5 Rxb2+ 45. Kf1 e5 46. Rxg6 e4 47. Rg3 Rxb5 48. Ra3 a5 49. Ke2 h4 {[%emt 0:00:00] normal} 1/2-1/2

[Event "GER-ch Youth U18 2019"]
[Site "Willingen"]
[Date "2019.06.12"]
[Round "5.13"]
[White "Hinrichs, Niklas"]
[Black "Wendler, David"]
[Result "1/2-1/2"]
[ECO "A59"]
[WhiteElo "2115"]
[BlackElo "2166"]
[Annotator "NA"]
[PlyCount "97"]
[EventDate "2019.06.07"]
[EventType "swiss"]
[EventRounds "9"]
[EventCountry "GER"]
[SourceTitle "playchess.com"]
[Source "ChessBase"]
[SourceQuality "1"]
[TimeControl "40/5400+30:1800+30"]

1. d4 Nf6 2. c4 c5 3. d5 b5 4. cxb5 a6 5. bxa6 g6 6. Nc3 Bxa6 7. e4 Bxf1 8. Kxf1 d6 9. g3 Bg7 10. Kg2 O-O 11. Nf3 Qb6 12. Qe2 Na6 13. a4 Rfb8 14. Nb5 Nc7 15. Nxc7 Qxc7 16. Qc2 Rb4 17. Bd2 Rxe4 18. Bc3 e5 19. Nd2 Rd4 20. Bxd4 exd4 21. Rhc1 Rb8 22. a5 Nxd5 23. a6 Nb4 24. Qc4 d3 25. a7 Qb7+ 26. Qe4 Qxe4+ 27. Nxe4 Ra8 28. Nxc5 Bxb2 29. Nxd3 Bxa1 30. Nxb4 Rxa7 31. Rd1 Bc3 32. Nd5 Bg7 33. h4 h5 34. Rd2 Rb7 35. Ne3 Bf8 36. f3 f6 37. Rd3 Kf7 38. g4 hxg4 39. fxg4 Ke6 40. Kf3 Rb5 41. Ra3 d5 42. Ra6+ Bd6 43. h5 gxh5 44. gxh5 Rb4 45. h6 Rb1 46. Kg4 Rh1 47. Rb6 Ke5 48. Rb5 f5+ 49. Kg5 {[%emt 0:00:30] normal} 1/2-1/2

[Event "GER-ch Youth U18 2019"]
[Site "Willingen"]
[Date "2019.06.12"]
[Round "5.14"]
[White "Schnabel, Bennett"]
[Black "Sureshkumar, Atchuthan"]
[Result "1-0"]
[ECO "A00"]
[WhiteElo "2125"]
[BlackElo "1502"]
[Annotator "NA"]
[PlyCount "24"]
[EventDate "2019.06.07"]
[EventType "swiss"]
[EventRounds "9"]
[EventCountry "GER"]
[SourceTitle "playchess.com"]
[Source "ChessBase"]
[SourceQuality "1"]
[TimeControl "40/5400+30:1800+30"]

1. a3 e5 2. c4 Nf6 3. d3 Nc6 4. Nf3 d5 5. cxd5 Nxd5 6. g3 Bg4 7. Bg2 Qd7 8. h3 Bxf3 9. Bxf3 Nd4 10. Bg2 c6 11. Nc3 Be7 12. O-O O-O {normal} 1-0

[Event "GER-ch Youth U18 2019"]
[Site "Willingen"]
[Date "2019.06.12"]
[Round "6.1"]
[White "Parvanyan, Ashot"]
[Black "Engel, Luis"]
[Result "0-1"]
[ECO "B89"]
[WhiteElo "2421"]
[BlackElo "2512"]
[Annotator "ChessBase"]
[PlyCount "54"]
[EventDate "2019.06.07"]
[EventType "swiss"]
[EventRounds "9"]
[EventCountry "GER"]
[SourceTitle "playchess.com"]
[Source "ChessBase"]
[SourceQuality "1"]
[TimeControl "40/5400+30:1800+30"]

1. e4 c5 2. Nf3 d6 3. d4 cxd4 4. Nxd4 Nf6 5. Nc3 Nc6 6. Bc4 e6 7. Be3 Be7 8. Qe2 O-O 9. O-O-O Nxd4 10. Bxd4 a6 11. Rhg1 b5 12. Bb3 Bb7 13. f3 Bc6 14. g4 Nd7 15. f4 b4 16. Nb1 a5 17. g5 Rc8 18. Nd2 a4 19. Bc4 d5 20. exd5 Bxd5 21. Bd3 Qc7 22. f5 g6 23. fxg6 fxg6 24. h4 Bc5 25. Bxc5 Nxc5 26. Bc4 a3 27. b3 Qg7 {[%emt 0:00:26] normal} 0-1

[Event "GER-ch Youth U18 2019"]
[Site "Willingen"]
[Date "2019.06.12"]
[Round "6.3"]
[White "Muckle, Julius"]
[Black "Schmider, Niklas"]
[Result "1/2-1/2"]
[ECO "D80"]
[WhiteElo "2370"]
[BlackElo "2300"]
[Annotator "NA"]
[PlyCount "101"]
[EventDate "2019.06.07"]
[EventType "swiss"]
[EventRounds "9"]
[EventCountry "GER"]
[SourceTitle "playchess.com"]
[Source "ChessBase"]
[SourceQuality "1"]
[TimeControl "40/5400+30:1800+30"]

1. d4 Nf6 2. c4 g6 3. Nc3 d5 4. Bg5 Bg7 5. Bxf6 Bxf6 6. cxd5 c5 7. dxc5 Nd7 8. c6 Nc5 9. Rc1 bxc6 10. b4 Rb8 11. a3 O-O 12. e3 Bxc3+ 13. Rxc3 Ne4 14. Rxc6 a5 15. Qd4 axb4 16. axb4 Nf6 17. e4 Bb7 18. Rc1 e6 19. Nf3 exd5 20. e5 Ne4 21. Bd3 Qe7 22. O-O Ra8 23. Qb6 Rfc8 24. h3 Ra3 25. Rxc8+ Bxc8 26. Qd4 Bf5 27. Bxe4 dxe4 28. Nh2 Rb3 29. e6 Bxe6 30. Ra1 Qf8 31. Qxe4 Rxb4 32. Qe1 Qb8 33. Nf3 Bf5 34. Ra8 Qxa8 35. Qxb4 Qe4 36. Qb8+ Kg7 37. Qb2+ Kg8 38. Qf6 Qe6 39. Qc3 f6 40. Nd4 Qe5 41. Qb3+ Kg7 42. Qe3 Bd7 43. Qc3 Qe7 44. Nc2 Be6 45. Qe3 Qd6 46. Nd4 Bf7 47. Qd2 Qd5 48. Qf4 Qe5 49. Qd2 Qd5 {[%emt 0:00:08] normal} 50. Qf4 Qe5 51. Qd2 {[%emt 0:00:43] normal} 1/2-1/2

[Event "GER-ch Youth U18 2019"]
[Site "Willingen"]
[Date "2019.06.12"]
[Round "6.4"]
[White "Martin, Julian"]
[Black "Vuckovic, Zarko"]
[Result "1-0"]
[ECO "C10"]
[WhiteElo "2370"]
[BlackElo "2132"]
[Annotator "NA"]
[PlyCount "25"]
[EventDate "2019.06.07"]
[EventType "swiss"]
[EventRounds "9"]
[EventCountry "GER"]
[SourceTitle "playchess.com"]
[Source "ChessBase"]
[SourceQuality "1"]
[TimeControl "40/5400+30:1800+30"]

1. e4 e6 2. d4 d5 3. Nd2 dxe4 4. Nxe4 Nd7 5. Nf3 Ngf6 6. Bd3 Be7 7. Qe2 b6 8. Ne5 Bb7 9. Nxf7 Kxf7 10. Ng5+ Ke8 11. Nxe6 Qc8 12. Nxg7+ Kf7 13. Qe6+ {[%emt 0:00:27] normal} 1-0

[Event "GER-ch Youth U18 2019"]
[Site "Willingen"]
[Date "2019.06.12"]
[Round "6.5"]
[White "Roseneck, Jonas"]
[Black "Kuznecovs, Nikita"]
[Result "1-0"]
[ECO "C03"]
[WhiteElo "2403"]
[BlackElo "2317"]
[Annotator "NA"]
[PlyCount "81"]
[EventDate "2019.06.07"]
[EventType "swiss"]
[EventRounds "9"]
[EventCountry "GER"]
[SourceTitle "playchess.com"]
[Source "ChessBase"]
[SourceQuality "1"]
[TimeControl "40/5400+30:1800+30"]

1. e4 e6 2. d4 d5 3. Nd2 Be7 4. Ngf3 Nf6 5. e5 Nfd7 6. Bd3 b6 7. O-O Ba6 8. Bxa6 Nxa6 9. Qe2 Qc8 10. c4 c6 11. b3 Qb7 12. Rd1 Nc7 13. Nf1 dxc4 14. Qxc4 h6 15. a4 b5 16. Qc2 Nd5 17. Ng3 Rc8 18. Ne4 O-O 19. Qe2 a6 20. Be3 f5 21. exf6 N7xf6 22. Nfd2 Nxe3 23. Qxe3 Nd5 24. Qg3 Rf4 25. Re1 Rcf8 26. Qh3 Bb4 27. Qxe6+ Kh8 28. Rad1 Nc3 29. Nxc3 Bxc3 30. Re4 R4f6 31. Qg4 bxa4 32. bxa4 Rxf2 33. Nf3 Qb3 34. Nh4 R2f6 35. h3 Qxa4 36. Rd3 Qc4 37. Re7 R6f7 38. Ng6+ Kg8 39. Rxf7 Rxf7 40. Ne5 Qb4 41. Nxf7 {[%emt 0:01:33] normal} 1-0

[Event "GER-ch Youth U18 2019"]
[Site "Willingen"]
[Date "2019.06.12"]
[Round "6.6"]
[White "Browning, Alex"]
[Black "Faerber, David"]
[Result "1/2-1/2"]
[ECO "B18"]
[WhiteElo "2319"]
[BlackElo "2293"]
[Annotator "ChessBase"]
[PlyCount "116"]
[EventDate "2019.06.07"]
[EventType "swiss"]
[EventRounds "9"]
[EventCountry "GER"]
[SourceTitle "playchess.com"]
[Source "ChessBase"]
[SourceQuality "1"]
[TimeControl "40/5400+30:1800+30"]

1. e4 c6 2. d4 d5 3. Nc3 dxe4 4. Nxe4 Bf5 5. Ng3 Bg6 6. N1e2 Nf6 7. c3 Nbd7 8. Nf4 e5 9. Nxg6 hxg6 10. dxe5 Nxe5 11. Qe2 Qe7 12. Be3 Neg4 13. Bd4 Rxh2 14. Rxh2 Nxh2 15. Bxf6 gxf6 16. Qxe7+ Bxe7 17. Be2 f5 18. Nf1 Ng4 19. Ne3 Nf6 20. Rd1 Bc5 21. Nc4 Nd7 22. Bf3 O-O-O 23. a4 Kc7 24. Rd2 Rh8 25. Ke2 Re8+ 26. Kf1 Rh8 27. Ke2 Re8+ 28. Kf1 Bf8 29. Re2 Rxe2 30. Kxe2 Nc5 31. a5 Bg7 32. g3 Bf6 33. Kd2 Kd7 34. Ke3 a6 35. Bd1 Bg5+ 36. f4 Bf6 37. Bc2 Bg7 38. Nb6+ Kc7 39. Nc4 Bf6 40. Kf3 Kd7 41. Nb6+ Ke8 42. Nc4 Be7 43. Ke3 Ne6 44. Ne5 Bd6 45. Nc4 Bc7 46. Kf3 Ke7 47. b4 Bd6 48. Bd3 Nc7 49. Nb6 Nb5 50. Nc8+ Kd7 51. Nb6+ Ke8 52. Na4 Nxc3 53. Nxc3 Bxb4 54. Na4 Bxa5 55. Nc5 Bb4 56. Nxa6 bxa6 57. Bxa6 Ke7 58. Bc4 Be1 {[%emt 0:00:38] normal} 1/2-1/2

[Event "GER-ch Youth U18 2019"]
[Site "Willingen"]
[Date "2019.06.12"]
[Round "6.7"]
[White "Maetzkow, Maximilian Paul"]
[Black "Arndt, Magnus"]
[Result "0-1"]
[ECO "C77"]
[WhiteElo "2338"]
[BlackElo "2186"]
[Annotator "NA"]
[PlyCount "104"]
[EventDate "2019.06.07"]
[EventType "swiss"]
[EventRounds "9"]
[EventCountry "GER"]
[SourceTitle "playchess.com"]
[Source "ChessBase"]
[SourceQuality "1"]
[TimeControl "40/5400+30:1800+30"]

1. e4 e5 2. Nf3 Nc6 3. Bb5 a6 4. Ba4 Nf6 5. d3 b5 6. Bb3 Be7 7. O-O d6 8. c3 O-O 9. Nbd2 Na5 10. Bc2 c5 11. Re1 Re8 12. Nf1 h6 13. Ng3 Bf8 14. d4 cxd4 15. cxd4 Bg4 16. d5 Rc8 17. Bd3 g6 18. a4 Bxf3 19. gxf3 Rb8 20. axb5 axb5 21. Bd2 Nc4 22. Bc3 b4 23. Bxc4 bxc3 24. bxc3 Qc7 25. Qe2 h5 26. h4 Nh7 27. Bb5 Rec8 28. Bc6 Qe7 29. Kg2 Qxh4 30. Qe3 Rb2 31. Rh1 Qf4 32. Nf1 Bh6 33. Qxf4 Bxf4 34. c4 Rc2 35. Bb5 Nf6 36. Ra3 Kg7 37. Ng3 Rh8 38. Rha1 h4 39. Nh1 h3+ 40. Kf1 Rh5 41. R3a2 Rxa2 42. Rxa2 Rg5 43. Ra1 h2 44. Ke2 Rg1 45. Rf1 Kf8 46. c5 dxc5 47. d6 Nh5 48. Kd1 Bg5 49. Kc2 Nf4 50. Kc3 Ne6 51. d7 Nd4 52. f4 Nxb5+ {[%emt 0:00:14] normal Kd4} 0-1

[Event "GER-ch Youth U18 2019"]
[Site "Willingen"]
[Date "2019.06.12"]
[Round "6.8"]
[White "Ewert, Hannes"]
[Black "Goldbeck, Lars"]
[Result "1/2-1/2"]
[ECO "A04"]
[WhiteElo "2268"]
[BlackElo "2199"]
[Annotator "NA"]
[PlyCount "42"]
[EventDate "2019.06.07"]
[EventType "swiss"]
[EventRounds "9"]
[EventCountry "GER"]
[SourceTitle "playchess.com"]
[Source "ChessBase"]
[SourceQuality "1"]
[TimeControl "40/5400+30:1800+30"]

1. Nf3 c5 2. g3 Nc6 3. c4 g6 4. d4 cxd4 5. Nxd4 Bg7 6. Nc2 d6 7. Bg2 Be6 8. Ne3 Nf6 9. Nc3 h5 10. h4 O-O 11. O-O Rc8 12. Bd2 Qd7 13. Rc1 Bh3 14. Ncd5 Bxg2 15. Kxg2 Ne4 16. b3 Nxd2 17. Qxd2 Ne5 18. a4 Rfe8 19. Rfd1 b6 20. Kg1 Qb7 21. Nc2 Kh7 {[%emt 0:05:36] normal} 1/2-1/2

[Event "GER-ch Youth U18 2019"]
[Site "Willingen"]
[Date "2019.06.12"]
[Round "6.9"]
[White "Muetsch, Annmarie"]
[Black "Schneider, Jana"]
[Result "1/2-1/2"]
[ECO "C44"]
[WhiteElo "2266"]
[BlackElo "2235"]
[Annotator "NA"]
[PlyCount "66"]
[EventDate "2019.06.07"]
[EventType "swiss"]
[EventRounds "9"]
[EventCountry "GER"]
[SourceTitle "playchess.com"]
[Source "ChessBase"]
[SourceQuality "1"]
[TimeControl "40/5400+30:1800+30"]

1. e4 e5 2. Nf3 Nc6 3. d4 exd4 4. Nxd4 Qf6 5. Nb5 Bc5 6. Qe2 Bb6 7. N1c3 Nge7 8. Be3 Ba5 9. O-O-O a6 10. Nd5 Nxd5 11. exd5 Ne7 12. Na3 b5 13. Bd4 Qh6+ 14. Kb1 Bb4 15. Qe4 Bd6 16. c4 Bb7 17. Bd3 bxc4 18. Nxc4 Bxd5 19. Nxd6+ Qxd6 20. Qh4 f6 21. Rhe1 Kd8 22. Bc3 Rb8 23. Qg4 g6 24. Qh4 Rb6 25. Qh6 Qc6 26. Kc1 Qc5 27. Bc2 Re6 28. Rxe6 Bxe6 29. Bxf6 Re8 30. Qxh7 Qxf2 31. Bh4 Qf4+ 32. Kb1 g5 33. Bg3 Qc4 {[%emt 0:01:31] normal} 1/2-1/2

[Event "GER-ch Youth U18 2019"]
[Site "Willingen"]
[Date "2019.06.12"]
[Round "6.10"]
[White "Runte, Moritz"]
[Black "Wong, Gengchun"]
[Result "1-0"]
[ECO "B91"]
[WhiteElo "2096"]
[BlackElo "2144"]
[Annotator "NA"]
[PlyCount "61"]
[EventDate "2019.06.07"]
[EventType "swiss"]
[EventRounds "9"]
[EventCountry "GER"]
[SourceTitle "playchess.com"]
[Source "ChessBase"]
[SourceQuality "1"]
[TimeControl "40/5400+30:1800+30"]

1. e4 c5 2. Nf3 d6 3. d4 cxd4 4. Nxd4 Nf6 5. Nc3 a6 6. g3 e5 7. Nde2 Be7 8. Bg2 O-O 9. O-O Be6 10. h3 Nbd7 11. g4 b5 12. Ng3 g6 13. Bh6 Re8 14. g5 Nh5 15. Nxh5 gxh5 16. Qxh5 Rc8 17. f4 exf4 18. Rxf4 Ne5 19. Raf1 Rxc3 20. bxc3 Bxa2 21. Rh4 Ng6 22. e5 Nxh4 23. Qxh4 dxe5 24. Qh5 Qb6+ 25. Kh2 Rd8 26. Be4 Rd2+ 27. Kh1 Rf2 28. Rg1 Rf4 29. g6 Qxg1+ 30. Kxg1 Rxe4 31. gxh7+ {[%emt 0:00:43] normal} 1-0

[Event "GER-ch Youth U18 2019"]
[Site "Willingen"]
[Date "2019.06.12"]
[Round "6.12"]
[White "Wendler, David"]
[Black "Rockmann, Jan-Okke"]
[Result "1-0"]
[ECO "C77"]
[WhiteElo "2166"]
[BlackElo "1816"]
[Annotator "NA"]
[PlyCount "65"]
[EventDate "2019.06.07"]
[EventType "swiss"]
[EventRounds "9"]
[EventCountry "GER"]
[SourceTitle "playchess.com"]
[Source "ChessBase"]
[SourceQuality "1"]
[TimeControl "40/5400+30:1800+30"]

1. e4 e5 2. Nf3 Nc6 3. Bb5 a6 4. Ba4 Nf6 5. d3 b5 6. Bb3 Bc5 7. O-O d6 8. c3 h6 9. h3 O-O 10. Re1 Bb6 11. Nbd2 Ne7 12. Nf1 Ng6 13. Ng3 Re8 14. Nh2 c6 15. Qf3 d5 16. Ng4 Re6 17. Nf5 Bb7 18. a4 c5 19. exd5 Nxg4 20. hxg4 Rf6 21. c4 Nh4 22. Qh3 Nxf5 23. gxf5 Bc8 24. g4 Qd6 25. Re4 g6 26. f4 gxf5 27. fxe5 Qd7 28. exf6 fxe4 29. dxe4 bxc4 30. Bxc4 Qxg4+ 31. Qxg4+ Bxg4 32. Bxh6 Bf3 33. e5 {[%emt 0:00:23] normal} 1-0

[Event "GER-ch Youth U18 2019"]
[Site "Willingen"]
[Date "2019.06.12"]
[Round "6.13"]
[White "Knoedler, Marcel"]
[Black "Schnabel, Bennett"]
[Result "1/2-1/2"]
[ECO "A10"]
[WhiteElo "1633"]
[BlackElo "2125"]
[Annotator "NA"]
[PlyCount "77"]
[EventDate "2019.06.07"]
[EventType "swiss"]
[EventRounds "9"]
[EventCountry "GER"]
[SourceTitle "playchess.com"]
[Source "ChessBase"]
[SourceQuality "1"]
[TimeControl "40/5400+30:1800+30"]

1. c4 f5 2. g3 Nf6 3. Bg2 g6 4. Nc3 d6 5. b3 Bg7 6. Bb2 e5 7. e3 O-O 8. Nge2 c6 9. d4 e4 10. a3 d5 11. cxd5 cxd5 12. Rc1 Be6 13. h4 h6 14. Nf4 Bf7 15. Na4 Nbd7 16. O-O g5 17. hxg5 hxg5 18. Ne2 Ng4 19. Rc3 b5 20. Nc5 Nxc5 21. Rxc5 Qb6 22. Bh3 Rfc8 23. Qd2 Qh6 24. Bxg4 fxg4 25. Rxc8+ Rxc8 26. Rc1 Re8 27. Qd1 Kh7 28. Kf1 Qh1+ 29. Ng1 Rf8 30. Qxg4 Qh6 31. Qh3 Be6 32. Qxh6+ Kxh6 33. Rc6 Rf6 34. Ke1 Bf7 35. Rxf6+ Bxf6 36. Bc3 Be7 37. Ba5 Bxa3 38. b4 Bh5 39. Ne2 {[%emt 0:01:40] normal} 1/2-1/2

[Event "GER-ch Youth U18 2019"]
[Site "Willingen"]
[Date "2019.06.12"]
[Round "6.14"]
[White "Sureshkumar, Atchuthan"]
[Black "Hinrichs, Niklas"]
[Result "0-1"]
[ECO "B90"]
[WhiteElo "1502"]
[BlackElo "2115"]
[Annotator "NA"]
[PlyCount "58"]
[EventDate "2019.06.07"]
[EventType "swiss"]
[EventRounds "9"]
[EventCountry "GER"]
[SourceTitle "playchess.com"]
[Source "ChessBase"]
[SourceQuality "1"]
[TimeControl "40/5400+30:1800+30"]

1. e4 c5 2. Nf3 d6 3. d4 cxd4 4. Nxd4 Nf6 5. Nc3 a6 6. Bc4 e6 7. Bg5 Nc6 8. Qd2 Qc7 9. Bxf6 gxf6 10. O-O-O Bd7 11. a3 Rb8 12. f3 b5 13. Bb3 Na5 14. Ba2 Nc4 15. Qe2 Nxa3 16. Nd5 Bh6+ 17. f4 exd5 18. exd5+ Kd8 19. bxa3 Bxf4+ 20. Kb1 Be5 21. Qf2 b4 22. axb4 Rxb4+ 23. Bb3 Qc3 24. Qd2 Bxd4 25. Qxc3 Bxc3 26. Rd3 Be5 27. Kc1 Bf5 28. Rf3 Be4 29. Rh3 Bxg2 {[%emt 0:00:41] normal} 0-1

[Event "GER-ch Youth U18 2019"]
[Site "Willingen"]
[Date "2019.06.13"]
[Round "7.1"]
[White "Engel, Luis"]
[Black "Martin, Julian"]
[Result "1/2-1/2"]
[ECO "B31"]
[WhiteElo "2512"]
[BlackElo "2370"]
[Annotator "ChessBase"]
[PlyCount "62"]
[EventDate "2019.06.07"]
[EventType "swiss"]
[EventRounds "9"]
[EventCountry "GER"]
[SourceTitle "playchess.com"]
[Source "ChessBase"]
[SourceQuality "1"]
[TimeControl "40/5400+30:1800+30"]

1. e4 c5 2. Nf3 Nc6 3. Bb5 g6 4. Bxc6 bxc6 5. O-O Bg7 6. Re1 Nh6 7. c3 O-O 8. h3 f5 9. e5 Nf7 10. d3 h6 11. Na3 g5 12. Qa4 d6 13. e6 Nh8 14. Qxc6 Rb8 15. Nc4 Ng6 16. Qa4 Rf6 17. d4 g4 18. hxg4 fxg4 19. Nh2 cxd4 20. Nxg4 Rxe6 21. Bxh6 Rxe1+ 22. Rxe1 Bxg4 23. Bxg7 Kxg7 24. Qxa7 dxc3 25. Qd4+ e5 26. Qxg4 cxb2 27. Rb1 Qc7 28. Rxb2 Rxb2 29. Nxb2 d5 30. Qd1 d4 31. g3 Qc3 {[%emt 0:02:25] normal} 1/2-1/2

[Event "GER-ch Youth U18 2019"]
[Site "Willingen"]
[Date "2019.06.13"]
[Round "7.4"]
[White "Roseneck, Jonas"]
[Black "Browning, Alex"]
[Result "1-0"]
[ECO "B90"]
[WhiteElo "2403"]
[BlackElo "2319"]
[Annotator "NA"]
[PlyCount "93"]
[EventDate "2019.06.07"]
[EventType "swiss"]
[EventRounds "9"]
[EventCountry "GER"]
[SourceTitle "playchess.com"]
[Source "ChessBase"]
[SourceQuality "1"]
[TimeControl "40/5400+30:1800+30"]

1. e4 c5 2. Nf3 d6 3. d4 cxd4 4. Nxd4 Nf6 5. Nc3 a6 6. Be3 Ng4 7. Bc1 Nf6 8. f3 e5 9. Nb3 Be7 10. Be3 Be6 11. Qd2 h5 12. Nd5 Nxd5 13. exd5 Bf5 14. Be2 Nd7 15. O-O O-O 16. Na5 Qc7 17. c4 Bd8 18. b4 Qc8 19. Nb3 b6 20. Rac1 Qb7 21. Kh1 Re8 22. f4 Bg4 23. Bxg4 hxg4 24. fxe5 Nxe5 25. c5 b5 26. c6 Qe7 27. Bd4 Nc4 28. Qf2 Rf8 29. Nd2 Nxd2 30. Qxd2 Bc7 31. Rce1 Qh4 32. Qf4 f5 33. g3 Qd8 34. Re6 Rf7 35. Rfe1 Kh7 36. Bc3 Rb8 37. Kg2 Ra8 38. Rh1 a5 39. a3 axb4 40. Bxb4 g5 41. Qe3 Bb6 42. Qd3 Qh8 43. h3 Qb2+ 44. Re2 Qg7 45. hxg4+ Kg8 46. Bc3 Rxa3 47. Re8+ {[%emt 0:00:04] normal} 1-0

[Event "GER-ch Youth U18 2019"]
[Site "Willingen"]
[Date "2019.06.13"]
[Round "7.5"]
[White "Arndt, Magnus"]
[Black "Riess, Alexander"]
[Result "1/2-1/2"]
[ECO "C45"]
[WhiteElo "2186"]
[BlackElo "2305"]
[Annotator "NA"]
[PlyCount "85"]
[EventDate "2019.06.07"]
[EventType "swiss"]
[EventRounds "9"]
[EventCountry "GER"]
[SourceTitle "playchess.com"]
[Source "ChessBase"]
[SourceQuality "1"]
[TimeControl "40/5400+30:1800+30"]

1. e4 e5 2. Nf3 Nc6 3. d4 exd4 4. Nxd4 Nf6 5. Nxc6 bxc6 6. e5 Qe7 7. Qe2 Nd5 8. c4 Ba6 9. Nd2 g6 10. Nf3 Qb4+ 11. Kd1 Rb8 12. Qc2 Ne7 13. b3 Bg7 14. Bd2 Qb6 15. c5 Qb7 16. Bxa6 Qxa6 17. Re1 O-O 18. Qc4 Qa3 19. Nd4 Qb2 20. Nc2 Nd5 21. f4 a5 22. g3 Nb4 23. Qc3 Qxc3 24. Bxc3 Rb5 25. Bd4 d6 26. Nxb4 axb4 27. Kc2 dxe5 28. fxe5 Rd8 29. Rad1 Kf8 30. Bg1 Rxd1 31. Rxd1 Ra5 32. Kb1 Ke7 33. Rd4 Rb5 34. Rc4 Ke6 35. Be3 Bf8 36. Kc2 Kd5 37. Kd3 Ra5 38. Rxb4 Rxa2 39. Rf4 Bxc5 40. Bxc5 Kxc5 41. Rxf7 Rxh2 42. Rd7 Rh1 43. Ke4 {normal} 1/2-1/2

[Event "GER-ch Youth U18 2019"]
[Site "Willingen"]
[Date "2019.06.13"]
[Round "7.6"]
[White "Faerber, David"]
[Black "Ewert, Hannes"]
[Result "1/2-1/2"]
[ECO "A18"]
[WhiteElo "2293"]
[BlackElo "2268"]
[Annotator "NA"]
[PlyCount "61"]
[EventDate "2019.06.07"]
[EventType "swiss"]
[EventRounds "9"]
[EventCountry "GER"]
[SourceTitle "playchess.com"]
[Source "ChessBase"]
[SourceQuality "1"]
[TimeControl "40/5400+30:1800+30"]

1. c4 Nf6 2. Nc3 e6 3. e4 d5 4. cxd5 exd5 5. e5 d4 6. exf6 dxc3 7. Bb5+ Nc6 8. Qe2+ Be6 9. dxc3 Qxf6 10. Nf3 Bc5 11. Ng5 O-O 12. Nxe6 fxe6 13. O-O Ne5 14. Be3 Bxe3 15. Qxe3 a6 16. Be2 Nf7 17. Bc4 Rae8 18. Rae1 Nd6 19. Bb3 g6 20. Bxe6+ Kg7 21. Qe5 Qxe5 22. Rxe5 Nc4 23. Re2 Nxb2 24. Rxb2 Rxe6 25. Rxb7 Rf7 26. g3 Re2 27. a4 Rc2 28. Ra7 Rxc3 29. Rxa6 c5 30. a5 Ra3 31. Rc1 {[%emt 0:07:49] normal} 1/2-1/2

[Event "GER-ch Youth U18 2019"]
[Site "Willingen"]
[Date "2019.06.13"]
[Round "7.7"]
[White "Vuckovic, Zarko"]
[Black "Engel, Robert"]
[Result "1-0"]
[ECO "B90"]
[WhiteElo "2132"]
[BlackElo "2067"]
[Annotator "NA"]
[PlyCount "69"]
[EventDate "2019.06.07"]
[EventType "swiss"]
[EventRounds "9"]
[EventCountry "GER"]
[SourceTitle "playchess.com"]
[Source "ChessBase"]
[SourceQuality "1"]
[TimeControl "40/5400+30:1800+30"]

1. e4 c5 2. Nf3 d6 3. d4 cxd4 4. Nxd4 Nf6 5. Nc3 a6 6. f3 e5 7. Nb3 Be6 8. Be3 Be7 9. Nd5 Bxd5 10. exd5 Nbd7 11. Qd2 Rc8 12. Rc1 O-O 13. Na5 Qc7 14. c4 e4 15. Be2 exf3 16. gxf3 Ne5 17. b4 Qd7 18. O-O Rfe8 19. Bd4 Bd8 20. Nb3 Qf5 21. Rf2 Nh5 22. f4 Ng6 23. Rg2 Nf6 24. Bd3 Qh3 25. Rf1 Rc7 26. Rg3 Qh4 27. Rg2 Ne4 28. Qe1 Qxe1 29. Rxe1 f5 30. Rf1 Kf7 31. Rc2 Bf6 32. Bb6 Rd7 33. Nd4 Rc8 34. Nxf5 {[%emt 0:01:56] normal} Nc3 35. Ng3 {[%emt 0:00:29] normal} 1-0

[Event "GER-ch Youth U18 2019"]
[Site "Willingen"]
[Date "2019.06.13"]
[Round "7.8"]
[White "Kuznecovs, Nikita"]
[Black "Runte, Moritz"]
[Result "1-0"]
[ECO "A05"]
[WhiteElo "2317"]
[BlackElo "2096"]
[Annotator "NA"]
[PlyCount "59"]
[EventDate "2019.06.07"]
[EventType "swiss"]
[EventRounds "9"]
[EventCountry "GER"]
[SourceTitle "playchess.com"]
[Source "ChessBase"]
[SourceQuality "1"]
[TimeControl "40/5400+30:1800+30"]

1. Nf3 Nf6 2. c4 e6 3. Nc3 d5 4. e3 Be7 5. Qc2 Nbd7 6. b3 b6 7. Bb2 Bb7 8. Be2 c5 9. cxd5 exd5 10. d4 O-O 11. O-O Rc8 12. Rac1 Ne4 13. dxc5 Ndxc5 14. Qb1 Bf6 15. Nb5 a6 16. Bxf6 Qxf6 17. Nbd4 Ne6 18. Qb2 Rfe8 19. Bd3 g5 20. Rfd1 g4 21. Bxe4 dxe4 22. Ne1 Rc5 23. Qa3 Ra5 24. Qd6 Rxa2 25. Nec2 b5 26. Qg3 Nxd4 27. exd4 Rc8 28. Ne3 Rd8 29. Rc7 Bc8 30. Rxc8 {[%emt 0:00:21] normal} 1-0

[Event "GER-ch Youth U18 2019"]
[Site "Willingen"]
[Date "2019.06.13"]
[Round "7.9"]
[White "Goldbeck, Lars"]
[Black "Muetsch, Annmarie"]
[Result "0-1"]
[ECO "A05"]
[WhiteElo "2199"]
[BlackElo "2266"]
[Annotator "NA"]
[PlyCount "27"]
[EventDate "2019.06.07"]
[EventType "swiss"]
[EventRounds "9"]
[EventCountry "GER"]
[SourceTitle "playchess.com"]
[Source "ChessBase"]
[SourceQuality "1"]
[TimeControl "40/5400+30:1800+30"]

1. Nf3 Nf6 2. g3 g6 3. Bg2 Bg7 4. O-O O-O 5. d4 c6 6. c4 d5 7. b3 dxc4 8. bxc4 c5 9. Bb2 cxd4 10. Nxd4 Qb6 11. Qb3 Nfd7 12. Rd1 Na6 13. Qa3 Nb4 14. Nc3 {[%emt 0:17:12] normal} 0-1